 Dungeon Sprint DCSS version 0.30-a0-1008-g30c9307041 (webtiles) character file.

Game seed: 6240905237414313573

109 dialectric the Trooper (level 4, -4/32 HPs)
             Began as a Gargoyle Berserker on Apr 6, 2023.
             Was a Follower of Trog.
             Slain by Sigmund
             ... wielding a +0 scythe
              (7 damage)
             ... in the Dungeon (Sprint I: "Red Sonja").
             The game lasted 00:00:30 (67 turns).

dialectric the Trooper (Gargoyle Berserker)           Turns: 67, Time: 00:00:31

Health: -4/32      AC:  7    Str: 21    XL:     4   Next: 90%
Magic:  4/7        EV: 12    Int:  7    God:    Trog [*.....]
Gold:   0          SH:  0    Dex: 11    Spells: 8/8 levels left

rFire   . . .      SeeInvis .    a - +0 mace
rCold   . . .      Faith    .    (no shield)
rNeg    + . .      Spirit   .    j - +0 leather armour
rPois   ∞          Reflect  .    (no helmet)
rElec   +          Rampage  .    (no cloak)
rCorr   .          NoTele   +    (no gloves)
Will    .....                    (no boots)
Stlth   +                        (no amulet)
HPRegen 0.25/turn                (no ring)
MPRegen 0.10/turn                (no ring)

@: on berserk cooldown, slowed, very slow
A: sickness immunity, AC +3, negative energy resistance 1, electricity
resistance, torment resistance 1, petrification resistance
a: Renounce Religion, Berserk


You were in the Dungeon.
You worshipped Trog.
Trog was aware of your devotion.
You visited 1 branch

Inventory:

Hand Weapons
 a - a +0 mace (weapon)
Armour
 b - a +0 animal skin
 j - a +0 leather armour (worn)
Wands
 i - a wand of flame (14)
Scrolls
 h - a scroll of blinking
Potions
 c - a potion of curing
 d - a potion of heal wounds
 e - a potion of haste
 f - 2 potions of magic
 g - a potion of berserk rage


   Skills:
 + Level 6.6 Fighting
 + Level 6.3 Maces & Flails
 + Level 3.5 Armour
 + Level 2.9 Dodging
 - Level 2.5 Spellcasting


You had 8 spell levels left.
You didn't know any spells.
Your spell library was empty.

Dungeon Overview and Level Annotations

Branches:
Dungeon (1/1)

Altars:

Annotations:
D Sigmund


Innate Abilities, Weirdness & Mutations

You are immune to sickness and miasma.
Your stone body is resilient. (AC +3)
You are immune to poison.
You resist negative energy. (rN+)
You are resistant to electric shocks. (rElec)
You are resistant to unholy torment.
You are immune to petrification.


Message History

You kill the ogre!
Trog accepts your kill.
Trog does not appreciate your training of magic skills! x2
You feel a little guilty.
Trog does not appreciate your training of magic skills! x2
Your Fighting skill increases to level 6!
Your Maces & Flails skill gained 2 levels and is now at level 6!
Your Armour skill increases to level 3!
Your Spellcasting skill gained 2 levels and is now at level 2!
You have reached level 4!
You feel stronger.
There is an open door, spattered with blood here.
Things that are here:
a +0 giant club; an ogre corpse You feel a strong urge to attack something.
The door flies open with a bang!
You feel your anger nearly subside.
You are no longer berserk.
You are exhausted.
You feel yourself slow down.
Sigmund the Dreaded comes into view.
He is wielding a +0 scythe, wearing a +2 robe of resistance and carrying a wand of roots (8).
Sigmund zaps a wand.
The roots erupt in riotous growth!
The grasping roots grab you!
Sigmund is unaffected.
The grasping roots constrict you.
There is an open door here.
You barely miss Sigmund. Sigmund hits you with a +0 scythe!
The grasping roots constrict you.
* * * LOW HITPOINT WARNING * * *
Sigmund misses you. The grasping roots constrict you.
* * * LOW HITPOINT WARNING * * *
The grasping roots release their grip on you.
Unknown command.
You barely miss Sigmund. Sigmund hits you but does no damage.
You hit Sigmund.
Sigmund is lightly wounded.
Sigmund hits you with a +0 scythe.
* * * LOW HITPOINT WARNING * * *
You barely miss Sigmund.
Sigmund is lightly wounded.
Sigmund hits you with a +0 scythe!
You die...

#############
#<.#..)..#..+
#..').#..@@.#
#..#####+####
#..# #..#
#..# #⌠⌠#
####


You could see Sigmund.

Vanquished Creatures
  An ogre (D)
  Ijyb (D)
2 creatures vanquished.

Notes
Turn   | Place    | Note
-------+----------+-------------------------------------------
     0 | D        | dialectric the Gargoyle Berserker began the quest for the
                  | Orb.
     0 | D        | Reached XP level 1. HP: 14/14 MP: 1/1
     2 | D        | Noticed Ijyb
    11 | D        | Killed Ijyb
    12 | D        | Reached skill level 5 in Fighting
    12 | D        | Reached XP level 2. HP: 20/21 MP: 2/2
    12 | D        | Reached XP level 3. HP: 25/26 MP: 3/3
    53 | D        | Noticed an ogre
    58 | D        | Killed an ogre
    59 | D        | Reached XP level 4. HP: 31/32 MP: 3/7
    62 | D        | Noticed Sigmund
    67 | D        | Slain by Sigmund

Illustrated notes

Levels and vault maps discovered:
D:        dungeon_sprint_1 [red_sonja_temple_1, red_sonja_temple_small_1]

Skill      XL: |  1  2  3 |
---------------+----------+-----
Fighting       | 5 6 |  6.6
Maces & Flails | 4 6 |  6.3
Dodging        | 2 |  2.9
Armour         | 3 |  3.5
Spellcasting   | 2 |  2.5

Action                     |  1- 3 |  4- 6 || total
---------------------------+-------+-------++-------
  Melee: Mace              |    11 |     4 ||    15
 Invoke: Berserk           |     2 |       ||     2
 Armour: Leather armour    |       |     1 ||     1
  Dodge: Dodged            |     5 |     1 ||     6

Table legend: (Time is in decaauts)
 A = Elapsed time spent in this place.
 B = Non-inter-level travel time spent in this place.
 C = Inter-level travel time spent in this place.
 D = Time resting spent in this place.
 E = Time spent auto-exploring this place.
 F = Levels seen in this place.
 G = Mean time per level.
                   A        B        C        D        E       F      G
               +--------+--------+--------+--------+--------+-----+--------+
         Total |     77 |     77 |      0 |     33 |      0 |   1 |   77.0 |
       Dungeon |     77 |     77 |      0 |     33 |      0 |   1 |   77.0 |
               +--------+--------+--------+--------+--------+-----+--------+

Top non-repeatable levels by time:
       D: 77 daAuts
